 Dungeon Crawl Stone Soup version 0.21.1-1-g345015f (webtiles) character file.

4935 inc the Gouger (level 10, -20/47 HPs)
             Began as a Felid Monk on June 17, 2018.
             Was a Follower of Uskayaw.
             Hit by a large rock thrown by a cyclops (40 damage)
             ... on level 2 of the Orcish Mines.
             The game lasted 00:20:41 (14326 turns).

inc the Gouger (Felid Monk)                        Turns: 14326, Time: 00:20:41

Health: -20/47     AC:  2    Str:  7    XL:     10   Next: 27%
Magic:  18/18      EV: 36    Int: 12    God:    Uskayaw [*.....]
Gold:   871        SH:  0    Dex: 22    Spells: 9/9 levels left
                                        Lives:  0   Deaths: 3

rFire    . . .     SeeInvis +     - Unarmed
rCold    . . .     Gourm    .   (shield unavailable)
rNeg     . . .     Faith    .   (armour unavailable)
rPois    .         Spirit   .   (helmet unavailable)
rElec    .         Reflect  .   (cloak unavailable)
rCorr    .         Harm     .   (gloves unavailable)
MR       +....                  (boots unavailable)
Stlth    +++.......             (no amulet)
HPRegen  0.15/turn              m - ring of Phasing {EV+8}
MPRegen  0.16/turn              z - +4 ring of slaying

@: quick
A: very small, no armour, no weapons or thrown items, stealth, claws 1, fangs 3,
see invisible, carnivore, speed 1, shaggy fur 2, slow metabolism 1, sharp paws
a: Stomp, Renounce Religion


You were on level 2 of the Orcish Mines.
You worshipped Uskayaw.
Uskayaw was aware of your devotion.
You were not hungry.

You visited 3 branches of the dungeon, and saw 14 of its levels.

You collected 871 gold pieces.

Inventory:

Jewellery
 f - an uncursed ring of poison resistance
 l - an uncursed ring of ice
 m - the ring of Phasing (left paw) {EV+8}
   (You found it on level 5 of the Dungeon)

   [ring of evasion]

   It affects your evasion (+8).
 n - an uncursed amulet of the gourmand
 o - an uncursed ring of positive energy
 w - an uncursed ring of ice
 x - a +5 ring of dexterity
 z - a +4 ring of slaying (right paw)
Wands
 r - a wand of digging (28)
 u - a wand of flame (29)
 y - a wand of random effects (31)
 B - a wand of iceblast (10)
Scrolls
 b - a scroll of remove curse
 d - 2 scrolls of amnesia
 g - 4 scrolls of identify
 i - 2 scrolls of noise
 k - 2 scrolls of enchant armour
 q - a scroll of enchant weapon {unknown}
 s - 2 scrolls of teleportation
 v - a scroll of immolation
 C - 2 scrolls of fog {unknown}
Potions
 c - 14 potions of degeneration
 e - a potion of brilliance
 h - 6 potions of curing
 j - a potion of ambrosia {unknown}
 p - a potion of magic
 t - a potion of might
 A - a potion of flight
Comestibles
 a - 19 rations


   Skills:
 - Level 7.0 Fighting
 - Level 10.1 Dodging
 - Level 2.6 Stealth
 - Level 11.7 Unarmed Combat
 + Level 10.4 Invocations


You had 9 spell levels left.
You didn't know any spells.

Dungeon Overview and Level Annotations

Branches:
Dungeon (11/15)            Temple (1/1) D:7             Orc (2/2) D:9
   Lair: D:8-11         Elf: Orc:2

Altars:
Ashenzari
Cheibriados
Dithmenos
Elyvilon
Fedhas
Gozag
Hepliaklqana
Makhleb
Nemelex Xobeh
Okawaru
Qazlal
Ru
Sif Muna
Trog
Uskayaw
Vehumet
Wu Jian
Xom
Yredelemnul
Zin
The Shining One

Shops:
D:7 =   D:9 ::


Innate Abilities, Weirdness & Mutations

You cannot wear armour.
You are incapable of wielding weapons or throwing items.
Your paws allow you to move quietly. (Stealth)
You have sharp claws.
You have razor-sharp teeth.
You have supernaturally acute eyesight. (SInv)
You are carnivorous and can eat meat at any time.
You cover ground quickly.
You are covered in thick fur. (AC +2)
You have a slow metabolism.
Your sharp claws are effective at attacking unaware monsters.


Message History

You scratch the orc wizard. You bite the orc wizard.
The orc wizard is moderately wounded.
The orc wizard hits you but does no damage.
You closely miss the orc wizard. Your claw misses the orc wizard.
The orc wizard is moderately wounded.
The orc wizard points at you and mumbles some strange words.
The puff of flame misses you.
You claw the orc wizard!
You kill the orc wizard!
The cyclops throws a large rock.
The large rock misses you.
Things that are here:
a dagger; a robe; an orc corpse You completely miss the cyclops.
The cyclops hits you!!
Ouch! That really hurt!
The orc warrior shouts!
Unknown command.
You hear a howl!
You hear a shout!
The cyclops throws a large rock.
The large rock hits you!!!
Ouch! That really hurt!
You die...

........#))....#
##.......#.....#
###.....[....####
####..........#..######.#
..##..........#..'......#
...##.........#..#.####.#####
....##........####.#..# .....
...............8##.)..# ....#
<...............@.(#.[#..⌠..#
...............8##)####..C..#
...)##........####.C(.o.....#
...##.........# ####.#####.
..## .....#...#..'....# ###
....##..##..#o...# .##
...#...# #h...# .... ##...#
#..... ........#....# +.##'#


You could see a cyclops.

Vanquished Creatures
  5 two-headed ogres
  Pikel (D:7)
  A gargoyle (D:10)
  2 trolls (Orc:1)
  Prince Ribbit (D:5)
  A hippogriff (D:10)
  Sigmund (D:5)
  A spriggan (D:8)
  2 hungry ghosts
  4 wargs
  11 orc warriors
  2 sky beasts
  A swamp drake (D:9)
  2 phantoms
  2 ice beasts
  4 slaves
  2 black bears
  6 ogres
  4 centaurs
  A necrophage (D:9)
  6 bullfrogs
  A wyvern zombie (D:10)
  5 scorpions
  4 killer bees (D:9)
  3 howler monkeys
  2 crimson imps
  2 centaur zombies (D:7)
  3 jellies
  6 hounds
  9 orc wizards
  8 orc priests
  3 iguanas
  6 worker ants
  7 gnolls (D:9)
  6 adders
  3 howler monkey skeletons
  An ooze (D:3)
  An adder skeleton (D:4)
  4 worms
  4 dart slugs
  8 leopard geckos
  78 orcs
  15 bats
  8 giant cockroaches
  9 goblins
  6 hobgoblins
  11 jackals
  8 kobolds
  2 quokkas (D:3)
  3 ball pythons (D:3)
  11 frilled lizards
  A jackal skeleton (D:4)
  A leopard gecko skeleton (D:7)
  12 rats
311 creatures vanquished.

Notes
Turn   | Place    | Note
-------+----------+-------------------------------------------
     0 | D:1      | inc the Felid Monk began the quest for the Orb.
     0 | D:1      | Reached XP level 1. HP: 10/10 MP: 2/2
   151 | D:1      | Reached XP level 2. HP: 14/14 MP: 3/3
   152 | D:1      | Reached skill level 5 in Dodging
   397 | D:1      | Reached XP level 3. HP: 16/17 MP: 4/4
  1168 | D:2      | Reached XP level 4. HP: 21/21 MP: 5/5
  2153 | D:3      | Reached XP level 5. HP: 19/24 MP: 6/6
  3457 | D:5      | Entered Level 5 of the Dungeon
  3847 | D:5      | Noticed Sigmund
  3871 | D:5      | Killed Sigmund
  3871 | D:5      | Reached skill level 4 in Unarmed Combat
  3871 | D:5      | Gained mutation: You are covered in thick fur. (AC +2) [Felid growth]
  3871 | D:5      | Reached XP level 6. HP: 17/28 MP: 7/7
  4052 | D:5      | Noticed an ice beast
  4060 | D:5      | Killed an ice beast
  4060 | D:5      | Reached XP level 7. HP: 15/31 MP: 8/8
  4293 | D:5      | Found the ring of Phasing {EV+8}
  4600 | D:5      | Reached skill level 5 in Unarmed Combat
  5887 | D:5      | Noticed Prince Ribbit
  5972 | D:5      | Reached skill level 6 in Unarmed Combat
  5972 | D:5      | Reached XP level 8. HP: 23/36 MP: 9/9
  6308 | D:5      | Killed Prince Ribbit
  6492 | D:6      | Reached skill level 7 in Unarmed Combat
  6614 | D:6      | Reached skill level 8 in Unarmed Combat
  6792 | D:6      | Killed from afar by an orc priest
  6793 | D:6      | Reached XP level 7. HP: -9/33 MP: 8/8
  6881 | D:7      | Noticed Pikel
  6899 | D:7      | Splashed by a jelly's acid
  6900 | D:7      | Reached XP level 6. HP: -1/29 MP: 7/7
  6917 | D:7      | Reached XP level 7. HP: 27/33 MP: 8/8
  6942 | D:8      | Found a basalt altar of Yredelemnul.
  7123 | D:7      | Reached skill level 9 in Unarmed Combat
  7384 | D:7      | Killed Pikel
  7384 | D:7      | Reached XP level 8. HP: 36/36 MP: 9/9
  7436 | D:7      | Reached skill level 10 in Unarmed Combat
  7656 | D:7      | Found Bicer's Jewellery Shop.
  7688 | D:7      | Found a staircase to the Ecumenical Temple.
  7758 | Temple   | Entered the Ecumenical Temple
  7786 | Temple   | Became a worshipper of Uskayaw the Reveler
  7786 | Temple   | Reached * piety under Uskayaw
  7886 | D:7      | Reached ** piety under Uskayaw
  7896 | D:7      | Reached *** piety under Uskayaw
  8334 | D:8      | Reached skill level 11 in Unarmed Combat
  8797 | D:8      | Reached XP level 9. HP: 29/39 MP: 10/10
  9173 | D:9      | Reached **** piety under Uskayaw
  9225 | D:9      | Reached skill level 5 in Fighting
  9566 | D:9      | Reached ***** piety under Uskayaw
  9666 | D:9      | Found Xiymy's Book Shoppe.
  9674 | D:9      | Found Jewes's Book Shop.
  9870 | D:9      | Found a staircase to the Orcish Mines.
 10423 | D:9      | Reached skill level 10 in Dodging
 10435 | D:9      | Reached skill level 1 in Invocations
 10634 | D:10     | Entered Level 10 of the Dungeon
 10818 | D:10     | Noticed a two-headed ogre
 11110 | D:10     | Reached XP level 10. HP: 47/47 MP: 13/13
 11461 | D:10     | Noticed a gargoyle
 11476 | D:10     | Killed a gargoyle
 11476 | D:10     | Reached skill level 5 in Invocations
 11513 | D:10     | Killed a two-headed ogre
 11610 | D:10     | Noticed a death knight
 11806 | D:11     | Noticed a red ugly thing
 12103 | Orc:1    | Entered Level 1 of the Orcish Mines
 12369 | Orc:2    | Entered Level 2 of the Orcish Mines
 12696 | Orc:2    | Noticed a two-headed ogre
 12703 | Orc:2    | Killed a two-headed ogre
 12821 | Orc:2    | Noticed a two-headed ogre
 13028 | Orc:2    | Killed a two-headed ogre
 13115 | Orc:2    | Noticed a two-headed ogre
 13127 | Orc:2    | Killed a two-headed ogre
 13127 | Orc:2    | Reached XP level 11. HP: 16/50 MP: 17/19
 13548 | Orc:2    | Noticed a two-headed ogre
 13819 | Orc:2    | Killed a two-headed ogre
 13819 | Orc:2    | Reached skill level 10 in Invocations
 14127 | Orc:1    | Mangled by an orc warrior
 14128 | Orc:1    | Reached XP level 10. HP: -10/47 MP: 18/18
 14188 | Orc:2    | Noticed a cyclops
 14326 | Orc:2    | Hit by a large rock thrown by a cyclops

Skill      XL: |  1  2  3  4  5  6  7  8  9 10 11 |
---------------+----------------------------------+-----
Dodging        | 5 6 7 9 10 | 10.1
Unarmed Combat | 4 9 11 | 11.7
Fighting       | 4 7 |  7.0
Invocations    | 3 9 10 | 10.4
Stealth        | |  2.6

Action                   |  1- 3 |  4- 6 |  7- 9 | 10-12 || total
-------------------------+-------+-------+-------+-------++-------
Melee: Unarmed           |   120 |   249 |   570 |   204 ||  1143
       Bite              |     7 |    22 |    67 |    22 ||   118
       Punch             |     1 |     1 |    25 |     8 ||    35
Evoke: Wand              |       |       |     1 |       ||     1
  Use: Scroll            |       |       |    13 |     3 ||    16
       Potion            |       |       |       |     1 ||     1
 Stab: Sleeping          |    14 |    11 |    13 |     3 ||    41
       Paralysed         |       |       |    19 |    14 ||    33
       Confused          |       |       |     2 |       ||     2
       Invisible         |       |       |       |     1 ||     1
  Eat: Chunk             |       |     5 |    13 |    11 ||    29
       Ration            |       |     1 |       |       ||     1
Armor: Skin              |     6 |     4 |     9 |     3 ||    22
Dodge: Dodged            |    87 |   197 |   584 |   218 ||  1086
